 Dungeon Crawl Stone Soup version 0.16-a0-1340-g52d2f03 (webtiles) character file.

250 Psiweapon the Ducker (level 5, -4/39 HPs)
             Began as a Vampire Gladiator on Oct 17, 2014.
             Slain by a troll (7 damage)
             ... on level 4 of the Dungeon.
             The game lasted 00:13:42 (2732 turns).

Psiweapon the Ducker (Vampire Gladiator)            Turns: 2732, Time: 00:13:43

Health: -4/39      AC:  4    Str: 14    XL:     5   Next: 88%
Magic:  5/5        EV: 14    Int: 10    God:
Gold:   100        SH:  0    Dex: 15    Spells: 0 memorised, 4 levels left

rFire  . . .     SeeInvis +     s - +0 hand axe (elec)
rCold  . . .     Clarity  .     b - +0 leather armour
rNeg   . . .     SustAb   .     (no shield)
rPois  .         Gourm    .     c - +0 helmet
rElec  .         Spirit   .     (no cloak)
rCorr  .         Warding  .     (no gloves)
rMut   .         Stasis   .     (no boots)
MR     .....                    (no amulet)
Stlth  ++........               (no ring)
                                (no ring)

@: regenerating quickly, not resistant to hostile enchantments, unstealthy
A: fangs 3, see invisible, unbreathing
a: no special abilities


You were on level 4 of the Dungeon.
You were very full.

You visited 1 branch of the dungeon, and saw 4 of its levels.

You collected 100 gold pieces.

Inventory:

Hand weapons
 a - a +0 quarterstaff
 e - a +0 blowgun
 f - a +1 dagger of venom
 q - a +0 hunting sling of velocity
 s - a +0 hand axe of electrocution (weapon)
Missiles
 d - 3 throwing nets
 g - 7 curare-tipped needles
 j - 12 silver bolts
 k - 9 sling bullets
 r - 19 stones (quivered)
Armour
 b - a +0 leather armour (worn)
 c - a +0 helmet (worn)
 l - a +0 pair of boots
Scrolls
 h - a scroll of fog
 i - a scroll of magic mapping {unknown}
 n - a scroll of amnesia {unknown}
 o - a scroll of identify
 p - a scroll of teleportation {unknown}
Potions
 m - a potion of poison {unknown}


   Skills:
 + Level 2.5 Fighting
 * Level 0.5 Axes
 * Level 3.3 Staves
 + Level 0.4(1.1) Slings
 + Level 1.5(1.6) Throwing
 + Level 1.7 Armour
 + Level 5.3 Dodging
 + Level 0.9 Stealth


You had 4 spell levels left.
You didn't know any spells.

Dungeon Overview and Level Annotations

Branches:
Dungeon (4/15)
 Temple: D:4-7

Altars:
Dithmenos
Nemelex Xobeh

Annotations:
D:3 Terence


Innate Abilities, Weirdness & Mutations

Your natural rate of healing is unusually fast.
You have razor-sharp teeth.
You have supernaturally acute eyesight.
You can survive without breathing.


Message History

You closely miss the troll.
The troll is lightly wounded.
The adder bites you but does no damage. The troll closely misses you.
The troll barely misses you. The troll claws you! The adder bites you.
You hit the troll but do no damage.
There is a sudden explosion of sparks!
The troll is heavily wounded.
You closely miss the adder.
The adder is severely wounded.
The adder closely misses you. The troll bites you!
* * * LOW HITPOINT WARNING * * *
The troll claws you!
* * * LOW HITPOINT WARNING * * *
The troll closely misses you.
You barely miss the troll.
The troll is heavily wounded.
You hit the adder.
You kill the adder!
The troll misses you. The troll claws you but does no damage.
The troll claws you!
You die...

### #.. #.# #.#
###### #.#
#....# #.#
#....###<#
+....'...#
#..@.#####
#....#T.((.(...
.........####..#
#.#.#....# # #
#....# #....#
#....# #....#
...♣


You could see a troll.

Vanquished Creatures
  An orc priest (D:3)
  2 orc wizards (D:3)
  Ijyb (D:2)
  Jessica (D:2)
  A gnoll (D:3)
  6 adders
  A giant mite (D:1)
  A giant gecko (D:2)
  An ooze (D:1)
  8 orcs
  3 ball pythons
  A giant cockroach (D:1)
  2 hobgoblins
  6 jackals
  7 bats
  2 giant newts (D:1)
  3 goblins
  7 kobolds
  6 rats
60 creatures vanquished.

Notes
Turn   | Place    | Note
--------------------------------------------------------------
     0 | D:1      | Psiweapon, the Vampire Gladiator, began the quest for the Orb.
     0 | D:1      | Reached XP level 1. HP: 16/16 MP: 1/1
   169 | D:1      | Reached XP level 2. HP: 19/22 MP: 2/2
   777 | D:1      | Reached XP level 3. HP: 22/27 MP: 3/3
   832 | D:2      | Found a sparkling altar of Nemelex Xobeh.
   892 | D:2      | Found a shadowy altar of Dithmenos.
  1083 | D:2      | Noticed Ijyb
  1165 | D:2      | Reached skill level 4 in Dodging
  1510 | D:2      | Reached XP level 4. HP: 33/33 MP: 4/4
  1762 | D:2      | Reached skill level 1 in Armour
  1935 | D:2      | Killed Ijyb
  1961 | D:3      | Noticed Jessica
  1961 | D:3      | Noticed Terence
  1967 | D:2      | Killed Jessica
  2278 | D:3      | Reached XP level 5. HP: 28/38 MP: 5/5
  2389 | D:3      | Reached skill level 5 in Dodging
  2721 | D:4      | Noticed a troll
  2732 | D:4      | Slain by a troll

Action                   |  1- 3 |  4- 6 || total
-------------------------+-------+-------++-------
Melee: Quarterstaff      |    92 |    36 ||   128
       Hand axe          |       |    47 ||    47
 Fire: Hunting sling     |       |    14 ||    14
  Use: Scroll            |     2 |       ||     2
       Potion            |       |     5 ||     5
  Eat: Corpse            |    10 |     6 ||    16
